[Event "Titled Tuesday Blitz March 22 Early 2022"]
[White "Popadic, Dragan"]
[Black "Agasarov, Benik"]
[WhiteFideId "913650"]
[BlackFideId "13314823"]
[WhiteElo "2222"]
[BlackElo "2536"]
[Result "1-0"]
[Round "11"]
[TimeControl "180+1"]
[Date "2022.03.22"]
[WhiteClock "0:00:20"]
[BlackClock "0:00:09"]

1. e4 c5 2. Nc3 e6 3. d3 Nc6 4. g4 d5 5. Bg2 d4 6. Nce2 e5 7. Ng3 Be7 8. Nh3 g6 9. f4 Bh4 10. O-O Nf6 11. f5 Bd7 12. g5 Ng8 13. Qg4 Bxg3 14. Qxg3 Nge7 15. f6 Nc8 16. Nf2 Nd6 17. Bh3 Bxh3 18. Qxh3 Qd7 19. Ng4 O-O-O 20. Bd2 Rdg8 21. Qg3 Qe6 22. a3 b6 23. b4 c4 24. Rab1 c3 25. Bc1 Re8 26. Rb3 Kb7 27. a4 Qd7 28. Ba3 Re6 29. b5 Na5 30. Rbb1 Rhe8 31. Bb4 Nac4 32. dxc4 Nxc4 33. Rbd1 Nd2 34. Rxd2 cxd2 35. Bxd2 Qc7 36. Rc1 Qc4 37. a5 Qxb5 38. axb6 Rxb6 39. Qe1 Qc5 40. Nf2 Rc8 41. Nd3 Qd6 42. Qg3 Rb5 43. Qe1 Qb6 44. Kf2 Re8 45. Kg3 Qc6 46. Qe2 Qc4 47. Qf1 Rc8 48. Qd1 Rb6 49. Be1 Qc6 50. Kg2 Qxe4+ 51. Qf3 Qxf3+ 52. Kxf3 Re8 53. Ke4 Rb5 54. Bg3 Re6 55. Bxe5 a5 56. Kxd4 Rc6 57. h4 a4 58. h5 a3 59. hxg6 hxg6 60. Ra1 Ra5 61. Ra2 Ra4+ 62. Ke3 Rcc4 63. Bf4 Kc6 64. Ne5+ Kd5 65. Nxc4 Kxc4 66. Kd2 Kb5 67. Be3 Ra8 68. c3 Ka4 69. Bd4 Kb3 70. Ra1 Kb2 71. Re1 a2 72. c4+ Kb3 73. Kd3 Rc8 74. Re7 Rxc4 75. Ra7 Rb4 76. Be5 Rb5 77. Ke4 Rb4+ 78. Kd5 Rb5+ 79. Kd6 Rb6+ 80. Ke7 Re6+ 81. Kxf7 Rxe5 82. Kxg6 Kb2 83. f7 Re6+ 84. Kg7 Re7 85. Rxa2+ Kxa2 86. g6 Kb3 87. Kg8 Re6 88. g7 Ra6 89. f8=Q Kc3 90. Qc8+ Rc6 91. Qxc6+ Kd4 92. Kf7 Ke5 93. g8=Q Kf5 94. Qgg6+ Kf4 95. Qcf6+ Ke3 96. Qg3+ Ke4 97. Qff4+ Kd5 98. Qd3+ Kc6 99. Qfc4+ Kb7 100. Qdb3+ Ka7 101. Qca4# 1-0


[Site "https://www.chess.com"]

[Event "Titled Tuesday Blitz March 22 Early 2022"]
[White "Pranav, V"]
[Black "Gabrielian, Artur"]
[WhiteFideId "25060783"]
[BlackFideId "4131002"]
[WhiteElo "2349"]
[BlackElo "2440"]
[Result "1/2-1/2"]
[Round "11"]
[TimeControl "180+1"]
[Date "2022.03.22"]
[WhiteClock "0:01:26"]
[BlackClock "0:01:50"]

1. e4 c5 2. Nf3 d6 3. Bb5+ Bd7 4. Bxd7+ Qxd7 5. O-O Nc6 6. c3 Nf6 7. d4 cxd4 8. cxd4 d5 9. e5 Ne4 10. Nbd2 Nxd2 11. Bxd2 e6 12. Re1 Be7 13. a3 O-O 14. Bg5 Rfc8 15. Qd3 h6 16. Bd2 Bf8 17. h3 Ne7 18. g4 Rc4 19. b3 Rc6 20. Kg2 Rac8 21. Kg3 Rc2 22. Rec1 Rxc1 23. Rxc1 Rxc1 24. Bxc1 Qc6 25. Bd2 a6 26. h4 Qb5 27. Qxb5 axb5 28. Bb4 Nc6 29. Bxf8 Kxf8 30. b4 f6 31. Kf4 Kf7 32. Ke3 g5 33. hxg5 hxg5 34. Kd3 Kg6 35. Ke3 Kf7 36. Kd3 Kg6 37. Ke3 Kf7 1/2-1/2


[Site "https://www.chess.com"]

[Event "Titled Tuesday Blitz March 22 Early 2022"]
[White "Reprintsev, Alexander"]
[Black "Khamzin, Olzhas"]
[WhiteFideId "14100541"]
[BlackFideId "13701690"]
[WhiteElo "2108"]
[BlackElo "2194"]
[Result "1-0"]
[Round "11"]
[TimeControl "180+1"]
[Date "2022.03.22"]
[WhiteClock "0:00:12"]
[BlackClock "0:00:29"]

1. e4 c5 2. b3 d6 3. Bb2 e5 4. f4 Nc6 5. Qf3 Nf6 6. Bb5 Bd7 7. Ne2 Nd4 8. Nxd4 cxd4 9. Bxd7+ Nxd7 10. c3 dxc3 11. Nxc3 Be7 12. O-O-O Rc8 13. Kb1 O-O 14. d4 exd4 15. Rxd4 Re8 16. Rhd1 Qa5 17. Rd5 Qa6 18. g4 Nf6 19. R5d3 Bf8 20. g5 Nd7 21. h4 Nc5 22. Rd4 Ne6 23. Rd5 Rc6 24. h5 Rec8 25. h6 Nc7 26. R5d3 Nb5 27. Nxb5 Qxb5 28. hxg7 Bxg7 29. Bxg7 Kxg7 30. R3d2 Kg8 31. Qd3 Qb4 32. Qd4 Qa3 33. Qb2 Qb4 34. Rd4 Qb6 35. f5 a5 36. R4d2 Qb4 37. Rd4 Qb5 38. Qd2 Qe5 39. Qe3 Rc3 40. R4d3 a4 41. bxa4 Qa5 42. Rxc3 Rxc3 43. Qd4 Qc7 44. g6 hxg6 45. fxg6 fxg6 46. Rh1 Qg7 47. Qd5+ Kf8 48. Qxd6+ Ke8 49. Qb8+ Kf7 50. Qxb7+ Kg8 51. Qb8+ Kf7 52. Rf1+ Ke6 53. Qb6+ Ke5 54. Qb2 Kxe4 55. Qe2+ Re3 56. Qc4+ Ke5 57. Qc5+ Ke4 58. Qc6+ Ke5 59. Qb5+ Ke4 60. Qb4+ Qd4 61. Rf4+ Kxf4 62. Qxd4+ Kf3 63. Qf6+ Ke2 64. Qxg6 Kd2 65. Kb2 Re2 66. Qd6+ Ke3+ 67. Kb3 Rg2 68. Qe5+ Kd3 69. Qd5+ Ke3 70. Qxg2 Kd3 71. Qc2+ Kd4 72. a5 Ke5 73. a6 Kd6 74. a7 Ke7 75. a8=Q Kd6 76. Qa6+ Ke5 77. Qc5+ Kf4 78. Qac4+ Kf3 79. Qc2 Kg3 80. Q5f5 1-0


[Site "https://www.chess.com"]

[Event "Titled Tuesday Blitz March 22 Early 2022"]
[White "Rosen, Eric"]
[Black "Krylov, Ivan"]
[WhiteFideId "2032562"]
[BlackFideId "24128066"]
[WhiteElo "2362"]
[BlackElo "2258"]
[Result "1-0"]
[Round "11"]
[TimeControl "180+1"]
[Date "2022.03.22"]
[WhiteClock "0:00:09"]
[BlackClock "0:00:03"]

1. e4 c6 2. Nf3 d5 3. Nc3 dxe4 4. Nxe4 Nd7 5. Bc4 Ndf6 6. Qe2 Nxe4 7. Qxe4 Nf6 8. Ne5 e6 9. Qe2 Bd6 10. d4 O-O 11. Bg5 Qa5+ 12. c3 Nd5 13. Bd3 Nxc3 14. Qd2 Bxe5 15. bxc3 Bd6 16. h4 e5 17. Be3 exd4 18. Bxd4 Bf5 19. Qg5 Rfe8+ 20. Kd2 g6 21. Bxf5 Qxf5 22. Qxf5 gxf5 23. Rh3 c5 24. Bf6 Re6 25. Bg5 h6 26. Rb1 hxg5 27. hxg5 Bf4+ 28. Kc2 Re2+ 29. Kd3 Rd2+ 30. Kc4 Bxg5 31. Rbh1 Bf6 32. Rf3 Kf8 33. Rh5 Rxa2 34. Rhxf5 Ra4+ 35. Kb3 Ra6 36. Rxf6 Rxf6 37. Rxf6 Ke7 38. Rf5 b6 39. Ka4 Rg8 40. g3 Rd8 41. Kb5 Rd3 42. c4 Ra3 43. Rf4 Ra2 44. Kc6 a5 45. Kxb6 a4 46. Kxc5 a3 47. Kb4 Ra1 48. Kb3 a2 49. Kb2 Rh1 50. Kxa2 Rc1 51. Kb3 Rd1 52. Kc2 Ra1 53. Kd3 Ra2 54. Kd4 Rc2 55. Kc5 Rc1 56. Kb5 Rc2 57. c5 f6 58. Kc6 Rc3 59. Kb6 Rc2 60. c6 Rb2+ 61. Kc7 Rc2 62. Re4+ Kf7 63. f4 Rb2 64. g4 Rb5 65. Kd7 Rd5+ 66. Kc8 Rc5 67. c7 f5 68. gxf5 Kf6 69. Re5 Rc6 70. Kd7 Rc1 71. c8=Q Rd1+ 72. Ke8 Rd8+ 73. Qxd8+ Kg7 74. Qg5+ Kh7 75. Re7+ Kh8 76. Qg7# 1-0


[Site "https://www.chess.com"]

[Event "Titled Tuesday Blitz March 22 Early 2022"]
[White "Rosenberg, Evan S"]
[Black "Mirzoev, Azer"]
[WhiteFideId "2019299"]
[BlackFideId "13400304"]
[WhiteElo "2291"]
[BlackElo "2525"]
[Result "0-1"]
[Round "11"]
[TimeControl "180+1"]
[Date "2022.03.22"]
[WhiteClock "0:00:02"]
[BlackClock "0:01:32"]

1. d4 d5 2. c4 dxc4 3. e4 e5 4. Nf3 Bb4+ 5. Bd2 Bxd2+ 6. Qxd2 exd4 7. Bxc4 Nc6 8. O-O Qf6 9. e5 Qg6 10. e6 Bxe6 11. Bxe6 fxe6 12. Na3 O-O-O 13. Nb5 a6 14. Na3 Nge7 15. Rac1 Rd5 16. Rfe1 Rf8 17. Kh1 Kb8 18. Nc4 Rxf3 19. gxf3 Rh5 20. Rg1 Qf6 21. f4 Rh4 22. Ne5 Nxe5 23. fxe5 Qxe5 24. Rg2 Nd5 25. Re1 Qf6 26. Qd3 g6 27. Qg3 Rf4 28. f3 Ne3 29. Qg5 Nxg2 30. Qxf6 Rxf6 31. Kxg2 c5 32. Kg3 Kc7 33. f4 Kc6 34. Kg4 a5 35. h4 a4 36. h5 gxh5+ 37. Kg5 Rf5+ 38. Kh6 Rxf4 39. Rxe6+ Kb5 40. Re7 b6 41. Kxh5 Rf2 42. b3 a3 43. Kg4 Kb4 44. Rb7 b5 45. Kg3 Rxa2 46. Kf3 Rb2 47. Ke4 Rxb3 48. Kd5 Rc3 49. Kc6 a2 50. Rxb5+ Ka3 51. Ra5+ Kb2 52. Rb5+ Rb3 0-1


[Site "https://www.chess.com"]

[Event "Titled Tuesday Blitz March 22 Early 2022"]
[White "Ruge, Edison"]
[Black "Altman, Joshua"]
[WhiteFideId "4401000"]
[BlackFideId "426210"]
[WhiteElo "2175"]
[BlackElo "1945"]
[Result "0-1"]
[Round "11"]
[TimeControl "180+1"]
[Date "2022.03.22"]
[WhiteClock "0:00:03"]
[BlackClock "0:00:53"]

1. e4 e6 2. d3 d5 3. Nd2 Nf6 4. Ngf3 c5 5. g3 Nc6 6. Bg2 Be7 7. O-O Qc7 8. Re1 b6 9. c3 Bb7 10. h4 h6 11. Nf1 O-O-O 12. Qc2 Rhg8 13. exd5 Nxd5 14. Ne3 g5 15. hxg5 hxg5 16. Nxd5 exd5 17. d4 Kb8 18. dxc5 bxc5 19. Qf5 f6 20. Nh2 Bc8 21. Qc2 Bd6 22. Nf1 Ne7 23. a4 Rge8 24. Ra3 Bf5 25. Rb3+ Kc8 26. Qd1 c4 27. Rb5 Bc5 28. Be3 Bxe3 29. Nxe3 Bd3 30. Qg4+ f5 31. Qd4 Nc6 32. Qc5 f4 33. Bh3+ Rd7 34. Bxd7+ Qxd7 35. Qxd5 Qxd5 36. Rxd5 fxe3 37. Rxe3 Rxe3 38. fxe3 g4 39. e4 Bxe4 40. Rg5 Bf3 41. Kf2 Kc7 42. Ke3 Kb6 43. Kf4 Nd8 0-1


[Site "https://www.chess.com"]

[Event "Titled Tuesday Blitz March 22 Early 2022"]
[White "Saim, Mohamed Ilias"]
[Black "Van den Dikkenberg, Erik"]
[WhiteFideId "7900465"]
[BlackFideId "1005880"]
[WhiteElo "2006"]
[BlackElo "2118"]
[Result "1-0"]
[Round "11"]
[TimeControl "180+1"]
[Date "2022.03.22"]
[WhiteClock "0:00:17"]
[BlackClock "0:00:13"]

1. e4 c5 2. Nf3 d6 3. Nc3 Nf6 4. d4 cxd4 5. Nxd4 a6 6. h3 e5 7. Nde2 Be7 8. g4 O-O 9. Bg2 Be6 10. Be3 Nc6 11. O-O Rc8 12. Qd2 b5 13. b3 h6 14. Rad1 Nd7 15. Nd5 Bxd5 16. exd5 Ncb8 17. Ng3 Bg5 18. Nf5 Bxe3 19. fxe3 Nf6 20. e4 Kh7 21. g5 Ng8 22. h4 g6 23. Ng3 h5 24. Qe2 Kg7 25. Rf2 Qc7 26. Rdf1 Qc5 27. Nxh5+ gxh5 28. Qxh5 Qe3 29. Kh2 Rc7 30. Rf3 Qd4 31. g6 Nh6 32. gxf7 Qd2 33. Rg3+ Kh8 34. Rg6 Kh7 35. Rff6 Rcxf7 36. Rxh6+ Kg7 37. Qg6# 1-0


[Site "https://www.chess.com"]

[Event "Titled Tuesday Blitz March 22 Early 2022"]
[White "Salinas Herrera, Pablo"]
[Black "Le, Tuan Minh"]
[WhiteFideId "3407128"]
[BlackFideId "12401153"]
[WhiteElo "2541"]
[BlackElo "2450"]
[Result "0-1"]
[Round "11"]
[TimeControl "180+1"]
[Date "2022.03.22"]
[WhiteClock "0:00:02"]
[BlackClock "0:00:17"]

1. d4 d5 2. Bf4 Nf6 3. e3 c5 4. Nf3 Qb6 5. Nc3 Bd7 6. a4 cxd4 7. exd4 a6 8. Ne5 e6 9. Ra2 Nc6 10. Nxd7 Nxd7 11. Ne2 e5 12. dxe5 Bc5 13. Bg3 Ndxe5 14. Nf4 Rd8 15. Be2 O-O 16. O-O d4 17. Nd3 Nxd3 18. Bxd3 Rfe8 19. b3 Bb4 20. Qg4 Qc5 21. Raa1 Bc3 22. Rad1 Ne5 23. Bxe5 Qxe5 24. g3 Qf6 25. h4 Re5 26. Kg2 h5 27. Qf3 Qe7 28. Bc4 Rd6 29. Qd3 Rf6 30. Rb1 b5 31. axb5 axb5 32. f4 bxc4 33. Qf3 Re2+ 34. Kh1 cxb3 35. Rxb3 Qe4 0-1


[Site "https://www.chess.com"]

[Event "Titled Tuesday Blitz March 22 Early 2022"]
[White "Santos Flores, Alberto"]
[Black "Williams, Simon K"]
[WhiteFideId "3601234"]
[BlackFideId "404454"]
[WhiteElo "2235"]
[BlackElo "2468"]
[Result "1/2-1/2"]
[Round "11"]
[TimeControl "180+1"]
[Date "2022.03.22"]
[WhiteClock "0:00:20"]
[BlackClock "0:00:06"]

1. e4 Nh6 2. d4 g6 3. h4 f5 4. Nc3 Nc6 5. h5 Bg7 6. hxg6 hxg6 7. e5 d6 8. f4 dxe5 9. dxe5 Qxd1+ 10. Nxd1 Be6 11. Bb5 O-O-O 12. Bxc6 bxc6 13. Nf3 Ng4 14. Rxh8 Rxh8 15. Nf2 Nxf2 16. Kxf2 Rh1 17. b3 Bd5 18. Bb2 Rh8 19. Rd1 Bf8 20. c4 Bxf3 21. Kxf3 e6 22. Bd4 a6 23. Be3 Be7 24. Bf2 g5 25. Be3 g4+ 26. Kf2 a5 27. Rf1 Kb7 28. Rb1 Bb4 29. Ke2 c5 30. Kf2 Kc6 31. Rd1 a4 32. bxa4 Ra8 33. Rh1 Rxa4 34. Rh6 Rxa2+ 35. Kg1 Kd7 36. Rh7+ Ke8 37. Rxc7 g3 38. Kf1 Rc2 39. Bxc5 Rxc4 40. Bd6 Rxf4+ 41. Ke2 Bxd6 42. exd6 Rf2+ 43. Ke3 Rxg2 44. Re7+ Kd8 45. Rxe6 Ra2 46. Rg6 g2 47. Kf3 Kd7 48. Rxg2 Rxg2 49. Kxg2 Kxd6 50. Kf3 Ke5 51. Ke3 f4+ 52. Kf3 Kf5 53. Kf2 Ke4 54. Ke2 f3+ 55. Kf2 Kf4 56. Kf1 Ke3 57. Ke1 f2+ 58. Kf1 Kf3 1/2-1/2


[Site "https://www.chess.com"]

[Event "Titled Tuesday Blitz March 22 Early 2022"]
[White "Sarana, Alexey"]
[Black "Chigaev, Maksim"]
[WhiteFideId "24133795"]
[BlackFideId "4108116"]
[WhiteElo "2666"]
[BlackElo "2502"]
[Result "1-0"]
[Round "11"]
[TimeControl "180+1"]
[Date "2022.03.22"]
[WhiteClock "0:00:09"]
[BlackClock "0:00:01"]

1. d4 Nf6 2. c4 g6 3. Nc3 d5 4. cxd5 Nxd5 5. e4 Nxc3 6. bxc3 Bg7 7. Bc4 c5 8. Ne2 O-O 9. Be3 Nc6 10. Rc1 b5 11. Bd5 Qc7 12. O-O e6 13. Bxc6 Qxc6 14. d5 exd5 15. exd5 Qd6 16. c4 bxc4 17. Rxc4 Bb7 18. Rxc5 Rfe8 19. Ra5 Rad8 20. Qd2 Re5 21. Rd1 Rxd5 22. Rxd5 Qxd5 23. Qxd5 Rxd5 24. Rb1 a5 25. h4 Rd7 26. Rb5 a4 27. Ra5 Bc6 28. Rc5 Rd1+ 29. Kh2 Bd7 30. h5 Bf8 31. Ra5 h6 32. hxg6 fxg6 33. Nc3 Rd3 34. Ne4 Bc6 35. Nf6+ Kf7 36. Ng4 Bd6+ 37. Kh3 Bd7 38. Ra7 Ke8 39. Ra8+ Ke7 40. Kh4 h5 41. Nh6 1-0


[Site "https://www.chess.com"]

[Event "Titled Tuesday Blitz March 22 Early 2022"]
[White "Saravana, Krishnan P."]
[Black "Mena, Ailen Oriana"]
[WhiteFideId "5018382"]
[BlackFideId "3902773"]
[WhiteElo "2210"]
[BlackElo "1534"]
[Result "0-1"]
[Round "11"]
[TimeControl "180+1"]
[Date "2022.03.22"]
[WhiteClock "0:01:03"]
[BlackClock "0:00:33"]

1. d4 d5 2. c4 e6 3. Nf3 Be7 4. Nc3 Nf6 5. Bf4 O-O 6. e3 b6 7. Be2 dxc4 8. Bxc4 Bb7 9. O-O Nbd7 10. Nb5 c5 11. Nd6 Bd5 12. Rc1 cxd4 13. Qxd4 Nc5 14. Bxd5 Nxd5 15. Nc4 Nxf4 16. Qxd8 Ne2+ 17. Kh1 Rfxd8 18. Rc2 Rac8 19. Rxe2 Ne4 20. Nce5 f6 21. Ng4 h5 22. Nd4 hxg4 23. Nxe6 Rd2 24. Rxd2 Nxd2 25. Rd1 Kf7 26. Nd4 Ne4 27. Kg1 Bc5 28. Nf5 g6 29. Nh4 f5 30. g3 Be7 31. Ng2 Rc2 32. Nf4 Nxf2 33. Rd7 Nh3+ 34. Nxh3 gxh3 35. Rxa7 Rg2+ 36. Kh1 Rxb2 37. Kg1 Kf6 38. Rc7 Bc5 39. Rc6+ Kg5 40. a4 Bxe3+ 41. Kf1 Rxh2 42. Rc3 Rf2+ 43. Ke1 h2 0-1


[Site "https://www.chess.com"]

[Event "Titled Tuesday Blitz March 22 Early 2022"]
[White "Sarkar, Justin"]
[Black "Manukian, Artak"]
[WhiteFideId "2010011"]
[BlackFideId "13301373"]
[WhiteElo "2038"]
[BlackElo "2441"]
[Result "1-0"]
[Round "11"]
[TimeControl "180+1"]
[Date "2022.03.22"]
[WhiteClock "0:00:15"]
[BlackClock "0:00:28"]

1. d4 Nf6 2. c4 e6 3. Nf3 b6 4. g3 Bb7 5. Bg2 c5 6. d5 exd5 7. Ng5 h6 8. Nh3 d6 9. Nc3 Nbd7 10. Nf4 Be7 11. O-O O-O 12. Nfxd5 Nxd5 13. Nxd5 Bxd5 14. Bxd5 Rc8 15. f4 Bf6 16. Qd3 Bd4+ 17. e3 Bf6 18. Rb1 Qc7 19. Kg2 Rfd8 20. h4 a6 21. b3 b5 22. cxb5 axb5 23. Qxb5 Nb6 24. Qd3 c4 25. bxc4 Nxc4 26. Rb7 Qc5 27. Rxf7 Kh8 28. Be6 Nb2 29. Bxb2 Qc2+ 30. Qxc2 Rxc2+ 31. Rf2 Rxb2 32. Rxb2 Bxb2 33. a4 d5 34. a5 d4 35. exd4 Bxd4 36. a6 Ra8 37. Bc4 h5 38. Rd7 Bc5 39. Kf3 g6 40. Ke4 Ra7 41. Rxa7 Bxa7 42. Kd5 Kg7 43. Kc6 g5 44. fxg5 1-0


[Site "https://www.chess.com"]

[Event "Titled Tuesday Blitz March 22 Early 2022"]
[White "Schrik, Rachid"]
[Black "Pires, Marcos Vinicius Torsani"]
[WhiteFideId "1009818"]
[BlackFideId "2118939"]
[WhiteElo "2070"]
[BlackElo "2273"]
[Result "0-1"]
[Round "11"]
[TimeControl "180+1"]
[Date "2022.03.22"]
[WhiteClock "0:00:02"]
[BlackClock "0:00:07"]

1. d4 Nf6 2. c4 g6 3. Nc3 Bg7 4. e4 d6 5. f3 O-O 6. Bg5 c5 7. d5 e6 8. Qd2 exd5 9. cxd5 a6 10. a4 Nbd7 11. Nh3 Ne5 12. Nf2 Qa5 13. Ra3 Re8 14. Be2 h5 15. O-O c4 16. f4 Neg4 17. Nxg4 Nxg4 18. Bxg4 hxg4 19. f5 gxf5 20. exf5 Qc5+ 21. Kh1 Bd4 22. Qf4 Be3 23. Qxg4 Qd4 24. Qh5 Qg7 25. Bxe3 Rxe3 26. f6 Qg6 27. Qh4 Bf5 28. Raa1 Rae8 29. h3 b5 30. Rxf5 Qxf5 31. Qh6 Qg6 32. Qh4 b4 33. Na2 Re2 34. Rg1 R8e5 35. Nc1 Rxb2 36. Qf2 Rxf2 0-1


[Site "https://www.chess.com"]

[Event "Titled Tuesday Blitz March 22 Early 2022"]
[White "Shtyka, Sergey"]
[Black "Petrova, Irina"]
[WhiteFideId "4138465"]
[BlackFideId "14124122"]
[WhiteElo "2014"]
[BlackElo "1993"]
[Result "0-1"]
[Round "11"]
[TimeControl "180+1"]
[Date "2022.03.22"]
[WhiteClock "0:00:31"]
[BlackClock "0:01:04"]

1. e4 d6 2. d4 Nf6 3. Nc3 e5 4. dxe5 dxe5 5. Qxd8+ Kxd8 6. Bc4 Ke8 7. f4 Bb4 8. Bd2 exf4 9. a3 Bxc3 10. Bxc3 Nxe4 11. Bxg7 Rg8 12. Be5 Be6 13. Bd3 Nc5 14. Bf1 Nc6 15. Bxc7 Rc8 16. Bxf4 Nd4 17. O-O-O Bf5 18. Rxd4 Nb3+ 19. Kd1 Bxc2+ 20. Ke1 Nxd4 21. Ne2 Nxe2 22. Bxe2 Be4 23. Bf3 Bxf3 24. gxf3 Rg2 25. Be5 Rc1# 0-1


[Site "https://www.chess.com"]

[Event "Titled Tuesday Blitz March 22 Early 2022"]
[White "Shuvalov, Evgenij"]
[Black "Sargsyan, Anna M."]
[WhiteFideId "4187237"]
[BlackFideId "13308130"]
[WhiteElo "2151"]
[BlackElo "2271"]
[Result "0-1"]
[Round "11"]
[TimeControl "180+1"]
[Date "2022.03.22"]
[WhiteClock "0:00:01"]
[BlackClock "0:00:16"]

1. Nf3 d5 2. c4 d4 3. b4 g5 4. Bb2 e5 5. Nxe5 Bg7 6. Qa4+ c6 7. Nd3 Ne7 8. g3 O-O 9. Bg2 Be6 10. Na3 b6 11. b5 Qc8 12. Rc1 a6 13. c5 cxb5 14. Nxb5 Bd5 15. Bxd5 Nxd5 16. c6 Qh3 17. Nxd4 Qg2 18. Rf1 b5 19. Qb3 Ra7 20. Nf5 Bxb2 21. Qxb2 f6 22. Qb3 Kh8 23. f3 Nc7 24. Nd6 Qxh2 25. g4 Qxd6 26. Rh1 Nxc6 27. Qc3 Nd4 28. Nc5 Nde6 29. Ne4 Qe5 30. Qc6 Nd5 31. Kf1 Rc7 32. Qxc7 Ndxc7 33. Rc6 Nd5 34. Rxa6 Ndf4 35. Kf2 Nc5 36. Ra7 Nxe4+ 37. fxe4 Qc5+ 0-1


[Site "https://www.chess.com"]

[Event "Titled Tuesday Blitz March 22 Early 2022"]
[White "Shuvalova, Polina"]
[Black "Neiksans, Arturs"]
[WhiteFideId "24171760"]
[BlackFideId "11601388"]
[WhiteElo "2355"]
[BlackElo "2447"]
[Result "1-0"]
[Round "11"]
[TimeControl "180+1"]
[Date "2022.03.22"]
[WhiteClock "0:00:31"]
[BlackClock "0:00:27"]

1. d4 f5 2. g3 Nf6 3. Bg2 d6 4. Nd2 e5 5. c3 e4 6. Nh3 d5 7. Nf4 g5 8. Nh3 h6 9. Nb3 Bd6 10. f4 g4 11. Nf2 b6 12. Be3 a5 13. a4 Ba6 14. Qc2 Nc6 15. h3 Qd7 16. Nd2 O-O-O 17. h4 Nh5 18. Nf1 Kb7 19. Nd1 Rc8 20. Kf2 Nd8 21. b4 axb4 22. cxb4 Bxb4 23. Rb1 Be7 24. a5 Ne6 25. Qb2 Qc6 26. Nc3 Rb8 27. Nd2 Kc8 28. Rhc1 Qd7 29. Qa2 b5 30. Nxd5 Kd8 31. Nxe7 Kxe7 32. d5 Nd8 33. Nxe4 fxe4 34. Bxe4 Nf6 35. Bc5+ Ke8 36. Bg6+ Nf7 37. Qb2 Qd8 38. Qe5+ 1-0


[Site "https://www.chess.com"]

[Event "Titled Tuesday Blitz March 22 Early 2022"]
[White "Silvestre, Christian"]
[Black "Kett, Tim"]
[WhiteFideId "30956269"]
[BlackFideId "1801210"]
[WhiteElo "2426"]
[BlackElo "2098"]
[Result "1-0"]
[Round "11"]
[TimeControl "180+1"]
[Date "2022.03.22"]
[WhiteClock "0:02:09"]
[BlackClock "0:00:23"]

1. Nf3 Nf6 2. d4 g6 3. Bg5 Bg7 4. Nbd2 d5 5. Bxf6 Bxf6 6. g3 O-O 7. Bg2 c5 8. c3 b6 9. O-O Nc6 10. e3 e5 11. dxe5 Nxe5 12. Nxe5 Bxe5 13. e4 Bb7 14. Nf3 Bg7 15. exd5 Qxd5 16. Qxd5 Bxd5 17. Ng5 Bxg2 18. Kxg2 Rad8 19. Rad1 h6 20. Ne4 Rfe8 21. Kf3 f5 22. Nd6 Re6 23. Nc4 Rde8 24. Rd7 R8e7 25. Rfd1 g5 26. h3 h5 27. Ne3 g4+ 28. Kg2 f4 29. gxf4 gxh3+ 30. Kxh3 Kf7 31. Nf5 Rxd7 32. Rxd7+ Kf6 33. Nxg7 1-0


[Site "https://www.chess.com"]

[Event "Titled Tuesday Blitz March 22 Early 2022"]
[White "Siniauski, Artsiom"]
[Black "Hoffmann, Asa"]
[WhiteFideId "13512269"]
[BlackFideId "2001470"]
[WhiteElo "2187"]
[BlackElo "2117"]
[Result "1-0"]
[Round "11"]
[TimeControl "180+1"]
[Date "2022.03.22"]
[WhiteClock "0:00:05"]
[BlackClock "0:01:07"]

1. e4 d6 2. d4 Nf6 3. Nc3 c6 4. a4 Qa5 5. Bd3 e5 6. Ne2 Be7 7. O-O O-O 8. Kh1 Na6 9. f4 Bg4 10. h3 Bxe2 11. Nxe2 exd4 12. Nxd4 Rfe8 13. Bd2 Qc7 14. Bc3 Nc5 15. Nf5 Ncxe4 16. Bxe4 Nxe4 17. Bxg7 Qd7 18. Nxe7+ Rxe7 19. Bd4 Ng3+ 20. Kh2 Nxf1+ 21. Qxf1 Qf5 22. Qf3 Re4 23. Be3 Rae8 24. Bd2 d5 25. Rf1 Re2 26. Bc3 f6 27. Rf2 R2e3 28. Qd1 Kf7 29. Qd4 b6 30. g4 Qe6 31. g5 c5 32. Qd1 d4 33. Qh5+ Ke7 34. Bd2 Kd6 35. Bxe3 Qxe3 36. Kg2 fxg5 37. Qxg5 Re6 38. Qd8+ Kc6 39. Qa8+ Kd6 40. f5 Qe4+ 41. Qxe4 Rxe4 42. Kg3 h5 43. f6 h4+ 44. Kg2 Re8 45. Kf3 Rf8 46. Kg4 Ke5 47. Kg5 c4 48. Re2+ Kd5 49. Kg6 d3 50. cxd3 cxd3 51. Re7 Kd4 52. Kg7 Rd8 53. f7 d2 54. f8=Q Rxf8 55. Kxf8 Kd3 56. Rxa7 Kc2 57. Rd7 d1=Q 58. Rxd1 Kxd1 59. b4 Kc2 60. a5 b5 61. a6 1-0


[Site "https://www.chess.com"]

[Event "Titled Tuesday Blitz March 22 Early 2022"]
[White "Siva Mahadevan"]
[Black "Iskusnyh, Sergei"]
[WhiteFideId "25043153"]
[BlackFideId "4120027"]
[WhiteElo "2203"]
[BlackElo "2492"]
[Result "1-0"]
[Round "11"]
[TimeControl "180+1"]
[Date "2022.03.22"]
[WhiteClock "0:00:05"]
[BlackClock "0:00:13"]

1. e4 e6 2. d4 d5 3. Nd2 c5 4. exd5 exd5 5. Ngf3 Nc6 6. Bb5 cxd4 7. Nxd4 Bd7 8. N2b3 Nf6 9. O-O Be7 10. Re1 O-O 11. Bg5 Re8 12. c3 h6 13. Bh4 Qb6 14. a4 Ne4 15. Bxe7 Rxe7 16. f3 Nf6 17. Rxe7 Nxe7 18. Bxd7 Nxd7 19. a5 Qf6 20. a6 bxa6 21. Qe2 Ng6 22. Rxa6 Qg5 23. Qd2 Qe5 24. Nc6 Qf5 25. Rxa7 Re8 26. Ra1 Nf4 27. Ncd4 Qg5 28. g3 Nh3+ 29. Kg2 Qg6 30. Kxh3 Ne5 31. Re1 f6 32. Kg2 Rb8 33. Qe2 Nd3 34. Kf1 Nxe1 35. Qxe1 Re8 36. Qd2 Rb8 37. Kg2 Kh8 38. Nc5 Qb1 39. b4 Ra8 40. Qe3 Ra2+ 41. Kh3 Qf1+ 42. Kg4 Rxh2 43. Qe8+ Kh7 44. Nd7 h5+ 45. Kf5 Qd3+ 46. Ke6 Qxc3 47. Kf7 1-0


[Site "https://www.chess.com"]

[Event "Titled Tuesday Blitz March 22 Early 2022"]
[White "Skliarov, Viktor"]
[Black "Sanchez Alvares, Kelvin Antonio"]
[WhiteFideId "14106736"]
[BlackFideId "3906680"]
[WhiteElo "2229"]
[BlackElo "2193"]
[Result "1/2-1/2"]
[Round "11"]
[TimeControl "180+1"]
[Date "2022.03.22"]
[WhiteClock "0:00:13"]
[BlackClock "0:00:08"]

1. e4 e5 2. Nc3 Nc6 3. Bc4 Bc5 4. Qg4 Kf8 5. Qf3 Nf6 6. Nge2 d6 7. h3 Be6 8. Nd5 Bxd5 9. exd5 e4 10. Qg3 Ne5 11. Bb3 h5 12. O-O h4 13. Qc3 Bb6 14. d4 exd3 15. cxd3 Rh5 16. Nf4 Rh7 17. d4 Ned7 18. Qd3 Kg8 19. Bd2 a5 20. a4 g5 21. Ne6 fxe6 22. dxe6 Kh8 23. exd7 Nxd7 24. Bc2 Nf8 25. Qf5 Rg7 26. Bc3 d5 27. Rae1 Qd7 28. Qf3 c6 29. Qh5+ Kg8 30. Re5 Ne6 31. Bf5 Nf4 32. Qg4 Qf7 33. Rfe1 Bc7 34. Re7 Qf6 35. Rxg7+ Kxg7 36. Bc2 Rf8 37. Bd2 Bd8 38. Bxf4 Qxf4 39. Qxf4 Rxf4 40. Rd1 Bb6 41. g3 hxg3 42. fxg3 Rxd4 43. Kg2 Rb4 44. b3 Rd4 45. Rxd4 Bxd4 46. Kf3 Kf6 47. Kg4 Be3 48. Bd3 Bd2 49. h4 gxh4 50. gxh4 Ke5 51. h5 Kd4 52. Bc2 Kc3 53. Bd1 b5 54. axb5 cxb5 55. Kf3 a4 56. bxa4 bxa4 57. Bxa4 Bh6 58. Ke2 Kd4 59. Bb5 Ke5 60. Bc6 Kd6 61. Bb7 Ke5 62. Kd3 d4 63. Bf3 Be3 64. Bd1 Kf6 65. Be2 Kg7 66. Bd1 Kh6 67. Be2 Kg7 68. Bd1 Kh6 69. Be2 Kg7 1/2-1/2


[Site "https://www.chess.com"]

[Event "Titled Tuesday Blitz March 22 Early 2022"]
[White "Smirnov, Pavel"]
[Black "Paravyan, David"]
[WhiteFideId "4123425"]
[BlackFideId "4194985"]
[WhiteElo "2545"]
[BlackElo "2569"]
[Result "0-1"]
[Round "11"]
[TimeControl "180+1"]
[Date "2022.03.22"]
[WhiteClock "0:01:22"]
[BlackClock "0:02:25"]

1. d4 Nf6 2. c4 g6 3. Nf3 Bg7 4. g3 c6 5. Bg2 d5 6. b3 dxc4 7. bxc4 c5 8. O-O O-O 9. Bb2 cxd4 10. Nxd4 Qb6 11. Qc1 Nc6 12. Nxc6 bxc6 13. Nd2 Bg4 14. Re1 Rab8 15. Nb3 Rfd8 16. Be5 Rbc8 17. c5 Qa6 18. Nd4 Nh5 19. Qf4 Nxf4 0-1


[Site "https://www.chess.com"]